 Dungeon Crawl Stone Soup version 0.23.0 (webtiles) character file.

Game seed: 3589973365594373224

179 Naphistim the Firebug (level 5, -11/38 HPs)
             Began as a Draconian Fire Elementalist on Feb 12, 2019.
             Mangled by an orc warrior
             ... wielding a +0 halberd
              (23 damage)
             ... on level 3 of the Dungeon.
             The game lasted 00:10:04 (5244 turns).

Naphistim the Firebug (Draconian Fire Elementalist) Turns: 5244, Time: 00:10:04

Health: -11/38     AC:  7    Str: 12    XL:     5   Next: 32%
Magic:  1/9        EV: 12    Int: 17    God:
Gold:   129        SH:  4    Dex: 11    Spells: 6/9 levels left

rFire    . . .     SeeInvis .   d - +0 quarterstaff
rCold    . . .     Gourm    .   (shield currently unavailable)
rNeg     . . .     Faith    .   (armour unavailable)
rPois    .         Spirit   .   (helmet restricted)
rElec    .         Reflect  +   e - +0 cloak
rCorr    +         Harm     .   (no gloves)
MR       .....                  l - +0 pair of boots
Stlth    ++........             c - +4 amulet of reflection
HPRegen  0.12/turn              j - ring of resist corrosion
MPRegen  0.11/turn              (no ring)

@: no status effects
A: unfitting armour, stinger 2, strong 1, cold-blooded, AC +5
a: no special abilities


You were on level 3 of the Dungeon.
You were very hungry.

You visited 1 branch of the dungeon, and saw 4 of its levels.

You collected 129 gold pieces.

Inventory:

Hand Weapons
 d - a +0 quarterstaff (weapon)
Armour
 e - a +0 cloak (worn)
 l - a +0 pair of boots (worn)
Jewellery
 c - a +4 amulet of reflection (around neck)
 j - a ring of resist corrosion (left hand)
Wands
 h - a wand of flame (2)
Scrolls
 f - 3 scrolls of identify
 i - 2 scrolls of amnesia
Potions
 g - a potion of agility
 k - 2 potions of lignification {unknown}
Comestibles
 b - 4 rations


   Skills:
 + Level 2.7 Dodging
 + Level 2.8 Stealth
 + Level 2.9 Spellcasting
 + Level 2.3 Conjurations
 + Level 3.8 Fire Magic


You had 6 spell levels left.
You knew the following spells:

 Your Spells              Type           Power        Failure   Level  Hunger
a - Flame Tongue          Conj/Fire      ##...        4%          1    #......
x - Throw Flame           Conj/Fire      ##....       8%          2    ##.....

Your spell library contained the following spells:

 Spells                   Type           Power        Failure   Level  Hunger
 Conjure Flame            Conj/Fire      ##......     14%         3    ###....
 Inner Flame              Hex/Fire       #.......     24%         3    ###....
 Sticky Flame             Conj/Fire      ##......     43%         4    #####..
 Fireball                 Conj/Fire      ##........   80%         5    ######.


Dungeon Overview and Level Annotations

Branches:
Dungeon (4/15)
 Temple: D:4-7

Altars:
The Shining One


Innate Abilities, Weirdness & Mutations

Your plain brown scales are hard. (AC +5)
You cannot fit into any form of body armour.
You are cold-blooded and may be slowed by cold attacks.
Your tail ends in a sharp poisonous barb.
Your muscles are strong. (Str +2)


Message History

Press: ? - help, Shift-Dir - straight line, f/p - orc warrior
Aim: an orc warrior, wielding a +0 halberd and wearing a +0 chain mail (severely wounded)
The flame tongue misses the orc warrior.
The orc warrior barely misses you.
Casting: Flame Tongue (safe; 4% risk of failure)
Confirm with . or Enter, or press ? or * to list all spells.
Aiming: Flame Tongue (safe; 4% risk of failure)
Press: ? - help, Shift-Dir - straight line, f/p - orc warrior
Aim: an orc warrior, wielding a +0 halberd and wearing a +0 chain mail (severely wounded)
The flame tongue hits the orc warrior.
The orc warrior is almost dead.
The orc warrior hits you from afar with a +0 halberd.
The orc warrior hits you with a +0 halberd!
* * * LOW HITPOINT WARNING * * *
You see here a jackal corpse.
You closely miss the orc warrior.
The orc warrior is almost dead.
The orc warrior hits you with a +0 halberd!!
Ouch! That really hurt!
You die...

# ####...... ##.
......#####
###...####.######
##.........)......
##.##...##.)#######
#..# #..#.## ###..#
#.....# #...o#
##....######
#h..##@###
##......... .....##
#>..####(##.#####
.o)# ###.##...# .#
.. .### #.##)### .#
. .....##.#.)## ..
####.....().#
#........##.#
#.######.##..#
#.###>..


You could see an orc warrior.

Vanquished Creatures
  An orc wizard (D:4)
  Ijyb (D:2)
  3 adders
  An ooze (D:3)
  2 worms (D:3)
  3 dart slugs
  2 leopard geckos (D:1)
  7 orcs (D:3)
  2 giant cockroaches
  10 goblins
  3 hobgoblins
  7 jackals
  4 kobolds
  2 quokkas
  4 ball pythons
  9 bats
  4 frilled lizards
  8 rats
73 creatures vanquished.

Notes
Turn   | Place    | Note
-------+----------+-------------------------------------------
     0 | D:1      | Naphistim the Draconian Fire Elementalist began the quest
                  | for the Orb.
     0 | D:1      | Reached XP level 1. HP: 14/14 MP: 3/3
   391 | D:1      | Reached XP level 2. HP: 19/20 MP: 0/5
   620 | D:1      | Learned a level 2 spell: Throw Flame
  1270 | D:1      | Gained mutation: Your muscles are strong. (Str +2) [potion
                  | of mutation]
  1270 | D:1      | Gained mutation: Your tail ends in a poisonous barb.
                  | [potion of mutation]
  1270 | D:1      | Gained mutation: Your tail ends in a sharp poisonous barb.
                  | [potion of mutation]
  1622 | D:1      | Reached XP level 3. HP: 25/26 MP: 1/6
  3224 | D:3      | Reached XP level 4. HP: 33/33 MP: 4/7
  3605 | D:3      | Found a glowing golden altar of the Shining One.
  3607 | D:3      | Noticed Ijyb
  3803 | D:2      | Killed Ijyb
  4488 | D:3      | Reached XP level 5. HP: 38/38 MP: 1/9
  4709 | D:3      | Noticed an orc warrior
  5244 | D:3      | Mangled by an orc warrior

Skill      XL: |  1  2  3  4 |
---------------+-------------+-----
Stealth        | 2 |  2.8
Dodging        | 2 |  2.7
Conjurations   | 2 |  2.3
Spellcasting   | |  2.9
Fire Magic     | |  3.8

Action                   |  1- 3 |  4- 6 || total
-------------------------+-------+-------++-------
Melee: Unarmed           |    19 |       ||    19
       Tailslap          |     4 |     7 ||    11
       Club              |    43 |    10 ||    53
       Whip              |       |    16 ||    16
       Quarterstaff      |       |    28 ||    28
 Cast: Flame Tongue      |    48 |    47 ||    95
       Throw Flame       |    10 |    20 ||    30
  Use: Scroll            |     1 |     4 ||     5
       Potion            |     3 |     2 ||     5
  Eat: Chunk             |     8 |     7 ||    15
Armor: Skin              |    42 |    25 ||    67
Dodge: Dodged            |    87 |    69 ||   156
Block: Other             |    23 |    15 ||    38
       Reflection        |       |     2 ||     2
